 Dungeon Crawl Stone Soup version 0.29.0-13-gc9e81de378 (webtiles) character file.

Game seed: 13740191192301164008

282 apoch the Chopper (level 6, -15/51 HPs)
             Began as a Minotaur Fighter on Sept 9, 2022.
             Was a High Priest of Ignis.
             Demolished by an ogre
             ... wielding a +0 giant spiked club
              (23 damage)
             ... on level 6 of the Dungeon.
             The game lasted 00:04:22 (2579 turns).

apoch the Chopper (Minotaur Fighter)                Turns: 2579, Time: 00:04:22

Health: -15/51     AC: 10    Str: 23    XL:     6   Next: 6%
Magic:  5/5        EV:  7    Int:  5    God:    Ignis [*****.]
Gold:   170        SH:  4    Dex:  9    Spells: 5/5 levels left

rFire   + . .      SeeInvis +   a - +1 war axe (drain)
rCold   . . .      Faith    .   c - +0 buckler
rNeg    + . .      Spirit   .   p - +0 chain mail {rPois}
rPois   +          Reflect  .   l - +0 hat
rElec   .          Harm     .   (no cloak)
rCorr   .          Rampage  .   k - +0 pair of gloves
Will    .....                   (no boots)
Stlth   ..........              (no amulet)
HPRegen 0.17/turn               d - ring of Yhaeq {rN+ SInv}
MPRegen 0.09/turn               (no ring)

@: rising, flying
A: horns 2, retaliatory headbutt
a: Renounce Religion, Fiery Armour, Foxfire Swarm


You were on level 6 of the Dungeon.
You worshipped Ignis.
Ignis was extremely pleased with you.
You visited 1 branch of the dungeon, and saw 6 of its levels.

You collected 170 gold pieces.

Inventory:

Hand Weapons
 a - a +1 war axe of draining (weapon)
Missiles
 e - 2 poisoned darts
 s - 17 stones (quivered)
Armour
 b - a +0 scale mail
 c - a +0 buckler (worn)
 i - a +1 scale mail of poison resistance
 k - a +0 pair of gloves (worn)
 l - a +0 hat (worn)
 p - a +0 chain mail of poison resistance (worn)
Jewellery
 d - the ring of Yhaeq (left hand) {rN+ SInv}
   (You acquired it on level 4 of the Dungeon)

   [ring of see invisible]

   rN:        It protects you from negative energy.
   SInv:      It lets you see invisible.
Wands
 f - a wand of acid (7)
Scrolls
 g - a scroll of immolation
 h - 2 scrolls of identify
 j - a scroll of summoning
Potions
 m - a potion of brilliance
 n - 4 potions of curing
 o - 3 potions of attraction
 q - a potion of magic


   Skills:
 - Level 3.6 Fighting
 + Level 7.7 Axes
 - Level 3.6 Armour
 - Level 3.6 Shields


You had 5 spell levels left.
You didn't know any spells.
Your spell library was empty.

Dungeon Overview and Level Annotations

Branches:
Dungeon (7/15)
 Temple: D:4-7

Altars:
Gozag
Ru
Vehumet
Ignis


Innate Abilities, Weirdness & Mutations

You have a pair of horns on your head.
You reflexively headbutt those who attack you in melee.


Message History

You slash the necrophage!
You destroy the necrophage!
You have reached level 6!
There is a stone staircase leading up here.
You climb upwards.
The gnoll shouts!
The ogre shouts!
There is a stone staircase leading down here.
The ogre barely misses you.
You closely miss the ogre. Your headbutt misses the ogre.
You closely miss the ogre.
The ogre hits you with a +0 giant spiked club!
A gnoll comes into view. It is wielding a +0 flail.
The gnoll shouts!
You hit the ogre.
The ogre is lightly wounded.
The ogre barely misses you.
You hit the ogre but do no damage. You drain the ogre.
Your headbutt misses the ogre.
The ogre is moderately wounded.
The ogre closely misses you.
You hit the ogre.
The ogre is heavily wounded.
A scorpion comes into view.
You barely miss the ogre.
The ogre is heavily wounded.
The ogre hits you with a +0 giant spiked club!!
You block the gnoll's attack.
You begin to rise into the air.
The ogre hits you with a +0 giant spiked club!
* * * LOW HITPOINT WARNING * * *
A gnoll comes into view. It is wielding a +0 club.
The gnoll hits you with a +0 whip.
* * * LOW HITPOINT WARNING * * *
You hit the ogre but do no damage. Your headbutt misses the ogre.
The ogre is heavily wounded.
You slash the gnoll! You drain the gnoll.
You kill the gnoll!
You hit the gnoll but do no damage.
The ogre hits you with a +0 giant spiked club!!
You die...

[.. #.. . ...
##..# #.
ss##...#####
.######.....>...
.............##
#.............
.##......O......
........@.......
.......g).......
................
.........s......
......#.........
#..##.###.$.....
.. g. ....### .
#. ...## ## ....


You could see an ogre (drained), 3 scorpions and 2 gnolls.

Vanquished Creatures
  Sigmund (D:2)
  A necrophage (D:7)
  A gnoll (D:6)
  An adder (D:3)
  A worm (D:2)
  2 orcs (D:3)
  10 ball pythons
  8 bats
  3 endoplasms
  3 giant cockroaches
  5 goblins
  6 hobgoblins
  A quokka (D:2)
  A frilled lizard (D:2)
  8 kobolds
  4 rats
56 creatures vanquished.

Vanquished Creatures (collateral kills)
  A kobold (D:4)
1 creature vanquished.

Grand Total: 57 creatures vanquished

Notes
Turn   | Place    | Note
-------+----------+-------------------------------------------
     0 | D:1      | apoch the Minotaur Fighter began the quest for the Orb.
     0 | D:1      | Reached XP level 1. HP: 19/19 MP: 0/0
    71 | D:1      | Reached skill level 3 in Axes
   216 | D:1      | Reached XP level 2. HP: 26/26 MP: 1/1
   477 | D:1      | Reached skill level 4 in Axes
   920 | D:1      | Reached XP level 3. HP: 31/31 MP: 2/2
   996 | D:2      | Found a faded altar of an unknown god.
  1007 | D:2      | Prayed at the altar of an unknown god.
  1007 | D:2      | Became a worshipper of Ignis, the Dying Flame
  1324 | D:2      | Found a sacrificial altar of Ru.
  1429 | D:2      | Noticed Sigmund
  1433 | D:2      | Killed Sigmund
  1434 | D:2      | Reached skill level 7 in Axes
  1434 | D:2      | Reached XP level 4. HP: 28/39 MP: 3/3
  1434 | D:2      | Reached XP level 5. HP: 32/45 MP: 4/4
  1946 | D:3      | Found an opulent altar of Gozag.
  1973 | D:3      | Found a radiant altar of Vehumet.
  2506 | D:4      | Identified a scroll of acquirement
  2506 | D:4      | Acquired the ring of Yhaeq {rN+ SInv}
  2542 | D:4      | You fall into a shaft and drop 3 floors!
  2567 | D:7      | Reached XP level 6. HP: 50/51 MP: 5/5
  2579 | D:6      | Demolished by an ogre

Illustrated notes

Levels and vault maps discovered:
D:1:      erik_arrival_blinker_ship, layout_loops_ring, bh_walls_and_bars
D:2:      layout_basic, basic_altar, ebering_ecumenical_altar_abandoned,
          uniq_sigmund
D:3:      layout_basic, mainiacjoe_overflow_catwalk_spiral
D:4:      layout_basic, okawaru_gym_becter, portal_sewer_entry_e
D:6:      layout_cave_pools, serial_gnoll_camp, gnoll_camp_mini_house,
          gnoll_camp_huts_basic, gnoll_camp_mini_shop, gnoll_camp_mini_sergeant,
          gnoll_camp_mini_loothouse, gnoll_camp_mini_shop,
          minmay_misc_feat_more_columns, minmay_guarded_unrand_staff_of_olgreb
D:7:      layout_rooms, minmay_temple_entry_stoned_glass, serial_glass,
          glass_columns_c, glass_columns_c, glass_columns_b, glass_columns_a,
          glass_columns_a, glass_columns_a, glass_columns_b, glass_columns_b,
          glass_columns_a, glass_columns_b, glass_columns_c, glass_columns_a,
          glass_columns_b, glass_columns_b

Skill      XL: |  1  2  3 |
---------------+----------+-----
Axes           | 3 4 7 |  7.7
Fighting       | |  3.6
Armour         | |  3.6
Shields        | |  3.6

Action                   |  1- 3 |  4- 6 || total
-------------------------+-------+-------++-------
Melee: War axe           |    76 |    34 ||   110
       Headbutt          |     6 |     4 ||    10
Throw: Stone             |    32 |     9 ||    41
Invok: Rising Flame      |       |     1 ||     1
  Use: Potion            |     1 |       ||     1
       Scroll            |       |    10 ||    10
Armor: Scale mail        |    32 |       ||    32
       Chain mail        |     2 |    22 ||    24
Dodge: Dodged            |    34 |    16 ||    50
Block: Buckler           |    17 |     6 ||    23
